 Dungeon Crawl Stone Soup version 0.30-a0-737-gf23d94013f (webtiles) character file.

Game seed: 6543810637880945447

6731 kae the Earth Mage (level 11, -1/54 HPs)
             Began as a Gargoyle Earth Elementalist on Feb 2, 2023.
             Was a Follower of Vehumet.
             Slain by a yak (8 damage)
             ... on level 9 of the Dungeon.
             The game lasted 00:11:04 (8750 turns).

kae the Earth Mage (Gargoyle Earth Elementalist)    Turns: 8750, Time: 00:11:04

Health: -1/54      AC: 15    Str: 17    XL:     11   Next: 4%
Magic:  10/24      EV: 11    Int: 18    God:    Vehumet [*.....]
Gold:   373        SH:  0    Dex:  9    Spells: 9/28 levels left

rFire   . . .      SeeInvis .    f - +1 dagger (heavy)
rCold   + . .      Faith    .    (no shield)
rNeg    + . .      Spirit   .    y - +2 leather armour {rC+}
rPois   ∞          Reflect  .    e - +1 helmet
rElec   +          Harm     .    (no cloak)
rCorr   .          Rampage  .    (no gloves)
Will    +....                    (no boots)
Stlth   +                        E - amulet of Doors {RegenMP Will+}
HPRegen 0.29/turn                F - ring of protection from fire
MPRegen 0.59/turn                (no ring)

@: liquefying, very slightly contaminated, slowed movement, very slow
A: sickness immunity, AC +8, negative energy resistance 1, electricity
resistance, torment resistance 1, petrification resistance, strong 1, heat
vulnerability 1
a: Renounce Religion


You were on level 9 of the Dungeon.
You worshipped Vehumet.
Vehumet was aware of your devotion.
You visited 2 branches of the dungeon, and saw 10 of its levels.

You collected 463 gold pieces.
You spent 90 gold pieces at shops.


Innate Abilities, Weirdness & Mutations

You are immune to sickness and miasma.
Your stone body is resilient. (AC +8)
You are immune to poison.
You resist negative energy. (rN+)
You are resistant to electric shocks. (rElec)
You are resistant to unholy torment.
You are immune to petrification.
Your muscles are strong. (Str +4, Int/Dex -1)
You are vulnerable to heat. (rF-)


   Skills:
 - Level 1.5 Dodging
 - Level 2.1 Stealth
 + Level 9.0 Spellcasting
 - Level 0.7 Transmutations
 * Level 16.1 Earth Magic


You had 9 spell levels left.
You knew the following spells:

 Your Spells              Type           Power      Damage    Failure   Level
a - Sandblast             Erth           100%       2d20      0%          1
b - Stone Arrow           Conj/Erth      74%        3d11      1%          3
c - Passwall              Tmut/Erth      31%        N/A       1%          2
d - Petrify               Tmut/Erth      38%        N/A       3%          4
e - Leda's Liquefaction   Hex/Erth       18%        N/A       4%          4
f - Lee's Rapid Deconstr  Erth           30%        3d16*     1%          5

Your spell library contained the following spells:

 Spells                   Type           Power      Damage    Failure   Level
 Shock                    Conj/Air       32%        1d5       11%         1
 Apportation              Tloc           16%        N/A       11%         1
 Freeze                   Ice            32%        1d5       11%         1
 Necrotise                Necr           32%        1d5       11%         1
 Summon Small Mammal      Summ           32%        N/A       11%         1
 Blink                    Tloc           16%        N/A       16%         2
 Lesser Beckoning         Tloc           16%        N/A       16%         2
 Searing Ray              Conj           16%        2d5       16%         2
 Ignite Poison            Fire/Tmut/Pois 9%         N/A       28%         3
 Call Canine Familiar     Summ           8%         N/A       32%         3
 Dazzling Flash           Conj/Hex       16%        N/A       32%         3
 Frozen Ramparts          Ice            16%        1d3       32%         3
 Gell's Gravitas          Tloc           8%         N/A       32%         3
 Hailstorm                Conj/Ice       8%         3d4       32%         3
 Kindle Blastsparks       Fire/Tloc/Air  16%        2d11      32%         3
 Portal Projectile        Hex/Tloc       16%        N/A       32%         3
 Summon Guardian Golem    Hex/Summ       8%         N/A       32%         3
 Teleport Other           Tloc           8%         N/A       32%         3
 Fulminant Prism          Conj/Hex       4%         3d5       71%         4
 Iskenderun's Mystic Bla  Conj/Tloc      8%         2d4       71%         4
 Manifold Assault         Tloc           8%         N/A       71%         4
 Sticky Flame             Conj/Fire      8%         2d3       71%         4
 Agony                    Necr           8%         N/A       96%         5
 Silence                  Hex/Air        4%         N/A       96%         5
 Storm Form               Tmut/Air       4%         N/A       100%        7

Inventory:

Hand Weapons
 f - a +1 heavy dagger (weapon)
   (You took it off a goblin on level 1 of the Dungeon)
Missiles
 h - 4 atropa-tipped darts
 j - 45 stones
 n - 25 poisoned darts
 v - 5 boomerangs
 C - 2 silver boomerangs
 I - 4 boomerangs of dispersal {=f!f}
Armour
 a - a +0 robe
 c - the +2 leather armour "Qynujyi" {rF+ rC- rN+}
   (You found it on level 2 of the Dungeon)

   rF:        It protects you from fire.
   rC:        It makes you vulnerable to cold.
   rN:        It protects you from negative energy.
 e - a +1 helmet (worn)
   (You found it on level 1 of the Dungeon)
 y - a +2 leather armour of cold resistance (worn)
   (You found it on level 5 of the Dungeon)
Magical Staves
 t - a staff of conjuration {!a}
   (You found it on level 4 of the Dungeon)
 w - a staff of poison {!a}
   (You found it on level 3 of the Dungeon)
Jewellery
 E - the amulet of Doors (around neck) {RegenMP Will+}
   (You found it on level 7 of the Dungeon)

   [amulet of magic regeneration]

   It increases your rate of magic regeneration.
   Will:      It increases your willpower.
 F - a ring of protection from fire (left hand)
   (You found it on level 1 of the Dungeon)
Wands
 p - a wand of light (15)
   (You found it on level 5 of the Dungeon)
 B - a wand of flame (21)
   (You found it on level 6 of the Dungeon)
 D - a wand of roots (14)
   (You found it on level 7 of the Dungeon)
 H - a wand of paralysis (7)
   (You found it on level 7 of the Dungeon)
Scrolls
 g - 3 scrolls of amnesia
 o - 3 scrolls of identify {@r1}
 q - 2 scrolls of magic mapping {!r}
 r - a scroll of blinking {!r}
 x - a scroll of poison
 z - a scroll of fog
 J - a scroll of vulnerability {!r!r}
 M - 3 scrolls of teleportation {@r4}
Potions
 b - 2 potions of magic
 d - 2 potions of mutation {!q}
 i - 3 potions of curing {@q1}
 k - 7 potions of heal wounds {@q2}
 l - 4 potions of degeneration {!q}
 m - 4 potions of flight
 s - 2 potions of ambrosia
 u - 2 potions of berserk rage {!q}
 A - a potion of attraction {!q}
 G - a potion of might
 K - a potion of lignification {!q}
 L - 2 potions of haste {@q3}

Dungeon Overview and Level Annotations

Branches:
Dungeon (9/15) Zot: 26501  Temple (1/1) D:7 Zot: 5830    Lair (0/5) D:8
    Orc: D:9-12

Altars:
Ashenzari
Cheibriados
Dithmenos
Elyvilon
Fedhas
Gozag
Hepliaklqana
Kikubaaqudgha
Makhleb
Nemelex Xobeh
Okawaru
Ru
Sif Muna
Trog
Uskayaw
Vehumet
Wu Jian
Xom
Yredelemnul
Zin
The Shining One

Shops:
D:2 !   D:3 (

Annotations:
D:7 Maggie
D:8 Joseph
D:9 Erica, Psyche

.8# #.....8.8##.# #....
..###........##.#....... #....
..8####......##.#..........##....
...####.........#.....#....##....
................#....##....###'##
..########......#....##....#.....
.........#......#....##....#..###
.........#......#.....#....#..#
##.......#......@†....#....#..#
.#.......#......#Y....#....#..###
.#########......#....####'##.....
.# #......#....#.......#### .#
#.####.#....#..####.# .#
#......#....#.......# .#
#......#....#.......# .#
#......#....#.......# ## ####'###
#.......#


You could see a yak (struggling).


Message History

Casting: Sandblast (safe; 0% risk of failure)
Confirm with . or Enter, or press ? or * to list all spells.
Aiming: Sandblast (safe; 0% risk of failure)
Press: ? - help, Shift-Dir - straight line, f/p - yak
Aim: a yak (almost dead, covering ground slowly, 91% to hit)
The blast of sand hits the yak.
You kill the yak!
Vehumet accepts your kill. The yak barely misses you. 😎 MP[-1]
You lost 1 mp, and now have 20/22 mp.
Casting: Sandblast (safe; 0% risk of failure)
Confirm with . or Enter, or press ? or * to list all spells.
Aiming: Sandblast (safe; 0% risk of failure)
Press: ? - help, Shift-Dir - straight line, f - yak
Aim: a yak (covering ground slowly, 91% to hit)
The blast of sand hits the yak but does no damage.
The yak barely misses you. The yak closely misses you.
The yak barely misses you.
Casting: Sandblast (safe; 0% risk of failure)
Confirm with . or Enter, or press ? or * to list all spells.
Aiming: Sandblast (safe; 0% risk of failure)
Press: ? - help, Shift-Dir - straight line, f/p - yak
Aim: a yak (covering ground slowly, 91% to hit)
The blast of sand hits the yak!
The yak gores you but does no damage. The yak gores you! 😕 HP[-11]
You take 11 damage, and now have 39/50 hp.
MASSIVE DAMAGE!! (PAUSE)
Casting: Sandblast (safe; 0% risk of failure)
Confirm with . or Enter, or press ? or * to list all spells.
Aiming: Sandblast (safe; 0% risk of failure)
Press: ? - help, Shift-Dir - straight line, f/p - yak
Aim: a yak (heavily wounded, covering ground slowly, 91% to hit)
The blast of sand hits the yak!
The yak gores you but does no damage. The yak gores you! x2
* * * LOW HITPOINT WARNING * * *
The yak gores you but does no damage. x2; The yak barely misses you. 😨 HP[-17]
You take 17 damage, and now have 22/50 hp.
MASSIVE DAMAGE!! (PAUSE)
Casting: Sandblast (safe; 0% risk of failure)
Confirm with . or Enter, or press ? or * to list all spells.
Aiming: Sandblast (safe; 0% risk of failure)
Press: ? - help, Shift-Dir - straight line, f/p - yak
Aim: a yak (severely wounded, covering ground slowly, 91% to hit)
The blast of sand hits the yak!
You kill the yak!
Vehumet accepts your kill.
The yak becomes momentarily stuck in the liquid earth.
The yak closely misses you.
Your Spellcasting skill increases to level 9!
Your Earth Magic skill increases to level 16!
You have reached level 11! 😨 HP[+3]
You now have 54 max hp (+4).
You regained 3 hp, and now have 25/54 hp.
Casting: Sandblast (safe; 0% risk of failure)
Confirm with . or Enter, or press ? or * to list all spells.
Aiming: Stone Arrow (safe; 1% risk of failure)
Press: ? - help, Shift-Dir - straight line, f - yak
Aim: a yak (covering ground slowly, 84% to hit)
The stone arrow hits the yak!!
The yak gores you!
* * * LOW HITPOINT WARNING * * *
The yak gores you!
* * * LOW HITPOINT WARNING * * *
😱 HP[-19] MP[-2]
You take 19 damage, and now have 6/54 hp.
MASSIVE DAMAGE!! (PAUSE)
You lost 2 mp, and now have 18/24 mp.
Casting: Stone Arrow (safe; 1% risk of failure)
Confirm with . or Enter, or press ? or * to list all spells.
Aiming: Stone Arrow (safe; 1% risk of failure)
Press: ? - help, Shift-Dir - straight line, f/p - yak
Aim: a yak (heavily wounded, covering ground slowly, 84% to hit)
The stone arrow hits the yak!!
You kill the yak!
Vehumet accepts your kill.
The yak becomes momentarily stuck in the liquid earth. 😱 MP[-3]
You lost 3 mp, and now have 15/24 mp.
Unknown command.
Casting: Stone Arrow (safe; 1% risk of failure)
Confirm with . or Enter, or press ? or * to list all spells.
Aiming: Stone Arrow (safe; 1% risk of failure)
Press: ? - help, Shift-Dir - straight line, f - yak
Aim: a yak (covering ground slowly, 84% to hit)
You miscast Stone Arrow.
You are very lightly contaminated with residual magic.
Nothing appears to happen.
The yak becomes momentarily stuck in the liquid earth. 😱 HP[+1] MP[-2]
You lost 2 mp, and now have 13/24 mp.
Casting: Stone Arrow (safe; 1% risk of failure)
Confirm with . or Enter, or press ? or * to list all spells.
Aiming: Stone Arrow (safe; 1% risk of failure)
Press: ? - help, Shift-Dir - straight line, f/p - yak
Aim: a yak (covering ground slowly, 84% to hit)
The stone arrow hits the yak!!
The yak gores you!
You die...

Skill      XL: |  1  2  3  4  5  6  7  8  9 10 |
---------------+-------------------------------+-----
Earth Magic    | 4 5 7 9 11 13 16 | 16.1
Spellcasting   | 3 4 6 7 9 |  9.0
Dodging        | |  1.5
Stealth        | |  2.1
Transmutations | |  0.7

Action                     |  1- 3 |  4- 6 |  7- 9 | 10-12 || total
---------------------------+-------+-------+-------+-------++-------
  Melee: Unarmed           |     7 |       |       |       ||     7
         Dagger            |     1 |    29 |       |       ||    30
         Punch             |       |     1 |       |       ||     1
   Cast: Sandblast         |    39 |    97 |    77 |    44 ||   257
         Stone Arrow       |       |     8 |    44 |    55 ||   107
         Leda's Liquefacti |       |       |       |     3 ||     3
    Use: Scroll            |     7 |     7 |     5 |     1 ||    20
         Potion            |       |     3 |       |       ||     3
 Armour: Robe              |    11 |       |       |       ||    11
         Leather armour    |       |    59 |    21 |    13 ||    93
  Dodge: Dodged            |     8 |    67 |    36 |    20 ||   131

Levels and vault maps discovered:
D:1:      onia_arrival_mini_spirals, layout_rooms, minmay_splitting_lines
D:2:      layout_rooms, serial_shops, shop, minmay_misc_feat_iff,
          chequers_serial_rivers_room_b, minmay_pentomino_r2
D:3:      layout_loops_ring, serial_shops, shop, st_stairs_5
D:4:      layout_gridville, minitemple, moated_statue, minmay_misc_feat_encased,
          uniq_duvessa
D:5:      layout_rooms, nicolae_hepliaklqana_monster_ancestors
D:6:      layout_basic, lemuel_crystal_altar, nemelex_altar_shiori,
          kennysheep_generic_room_10, uniq_pikel
D:7:      layout_loops_cross, minmay_temple_entry_statues_pillars,
          grunt_decor_one_mirror, nicolae_figureground_pulse, uniq_maggie
D:8:      layout_rooms, nicolae_uskayaw_dance_studio, kennysheep_little_box,
          nrook_mini_backslash, st_stairs_3, dreamdust_princess_bridge,
          kennysheep_big_empty_room, worms_lemuel, uniq_joseph, uniq_maurice
D:9:      layout_stronghold, serial_column_ruins, column_ruins_circle_medium,
          column_ruins_columns_corner, column_ruins_corridor_corner,
          column_ruins_grid_3, column_ruins_grid_1,
          column_ruins_corridor_straight, column_ruins_open_small, serial_shops,
          nicolae_shop_trees, ebering_dispersal_statue_hall, uniq_psyche,
          uniq_erica
Temple:   jpeg_temple_clearing

Notes
Turn   | Place    | Note
-------+----------+-------------------------------------------
     0 | D:1      | kae the Gargoyle Earth Elementalist began the quest for the
                  | Orb.
     0 | D:1      | Reached XP level 1. HP: 10/10 MP: 3/3
     0 | D:1      | magus.rc [v1.11.3]
    12 | D:1      | You add the spells Blink, Lesser Beckoning and Ignite
                  | Poison to your library.
    12 | D:1      | Got Qeruv's Collected Works on Poisonous Orientation
    93 | D:1      | Reached skill level 4 in Earth Magic
   115 | D:1      | You add the spells Manifold Assault and Storm Form to your
                  | library.
   135 | D:1      | Reached XP level 2. HP: 15/15 MP: 3/5
   243 | D:1      | Learned a level 2 spell: Passwall
   600 | D:2      | Reached XP level 3. HP: 19/19 MP: 4/6
   604 | D:2      | Learned a level 3 spell: Stone Arrow
   659 | D:2      | You pick up a book of the Hunter and begin reading...
   659 | D:2      | You add the spells Call Canine Familiar, Portal Projectile
                  | and Leda's Liquefaction to your library.
   677 | D:2      | Identified the +2 leather armour "Qynujyi" {rF+ rC- rN+}
   726 | D:2      | Reached skill level 5 in Earth Magic
   857 | D:2      | Found Goleshumiu's Distillery.
   864 | D:2      | Reached XP level 4. HP: 24/24 MP: 4/8
   880 | D:2      | Bought a potion of curing for 30 gold pieces
   880 | D:2      | Bought a potion of degeneration for 10 gold pieces
   880 | D:2      | Bought a potion of heal wounds for 50 gold pieces
  1329 | D:3      | You pick up a book of Displacement and begin reading...
  1329 | D:3      | You add the spells Gell's Gravitas and Teleport Other to
                  | your library.
  1350 | D:3      | You add the spells Searing Ray and Sticky Flame to your
                  | library.
  1350 | D:3      | Got Wouhuk's Lessons on Destruction
  1512 | D:3      | Found Wusowipa's Weapon Boutique.
  1536 | D:3      | Reached skill level 3 in Spellcasting
  1708 | D:3      | Reached XP level 5. HP: 26/28 MP: 7/9
  2040 | D:4      | Noticed Duvessa
  2245 | D:4      | HP: 6/28 [Duvessa/+0 short sword (5)]
  2350 | D:4      | HP: 4/28 [Duvessa/+0 short sword (8)]
  2597 | D:3      | Gained mutation: You are vulnerable to heat. (rF-) [potion
                  | of mutation]
  2597 | D:3      | Gained mutation: Your muscles are strong. (Str +4, Int/Dex
                  | -1) [potion of mutation]
  2852 | D:4      | Killed Duvessa
  2853 | D:4      | Reached skill level 6 in Earth Magic
  2908 | D:4      | Noticed Dowan
  2911 | D:4      | Killed Dowan
  2912 | D:4      | Reached skill level 7 in Earth Magic
  2912 | D:4      | Reached XP level 6. HP: 32/32 MP: 7/11
  3211 | D:4      | Found a blossoming altar of Fedhas.
  3218 | D:4      | Found a glowing silver altar of Zin.
  3221 | D:4      | Found an ancient bone altar of Kikubaaqudgha.
  3223 | D:4      | Found a shimmering altar of Xom.
  3226 | D:4      | Found a white marble altar of Elyvilon.
  3237 | D:4      | You pick up a book of the Senses and begin reading...
  3237 | D:4      | You add the spells Dazzling Flash, Agony and Silence to
                  | your library.
  3435 | D:4      | Reached skill level 4 in Spellcasting
  3445 | D:4      | Reached XP level 7. HP: 15/36 MP: 0/13
  3613 | D:4      | Reached skill level 8 in Earth Magic
  3971 | D:5      | Entered Level 5 of the Dungeon
  4381 | D:5      | Reached skill level 9 in Earth Magic
  4416 | D:5      | You pick up a book of Geomancy and begin reading...
  4526 | D:5      | Found a hazy altar of Hepliaklqana.
  4530 | D:5      | Reached XP level 8. HP: 41/41 MP: 12/15
  4534 | D:5      | You pick up a book of Callings and begin reading...
  4534 | D:5      | You add the spells Summon Small Mammal and Summon Guardian
                  | Golem to your library.
  4618 | D:5      | Identified the +1 robe of Dithmenos, Usurping {rElec rN+}
  4668 | D:6      | Found an opulent altar of Gozag.
  4801 | D:6      | Reached skill level 5 in Spellcasting
  5003 | D:6      | Reached skill level 10 in Earth Magic
  5038 | D:6      | Noticed a two-headed ogre
  5050 | D:6      | Killed a two-headed ogre
  5051 | D:6      | Reached skill level 6 in Spellcasting
  5051 | D:6      | Reached skill level 11 in Earth Magic
  5051 | D:6      | Reached XP level 9. HP: 29/45 MP: 3/18
  5366 | D:6      | Noticed Pikel
  5370 | D:6      | Killed Pikel
  5371 | D:6      | Reached skill level 12 in Earth Magic
  5626 | D:6      | Reached skill level 7 in Spellcasting
  5880 | D:6      | Reached skill level 13 in Earth Magic
  5974 | D:6      | Found a sparkling altar of Nemelex Xobeh.
  6107 | D:6      | Learned a level 4 spell: Petrify
  6294 | D:7      | You pick up a book of Frost and begin reading...
  6294 | D:7      | You add the spells Freeze, Frozen Ramparts and Hailstorm to
                  | your library.
  6409 | D:7      | Identified the amulet of Doors {RegenMP Will+}
  6543 | D:7      | Noticed Maggie
  6846 | D:7      | Found a staircase to the Ecumenical Temple.
  6852 | Temple   | Entered the Ecumenical Temple
  7005 | Temple   | Became a worshipper of Vehumet
  7124 | D:7      | You pick up a book of Cantrips and begin reading...
  7124 | D:7      | You add the spells Necrotise and Apportation to your
                  | library.
  7199 | D:7      | Learned a level 4 spell: Leda's Liquefaction
  7230 | D:8      | Found a staircase to the Lair.
  7244 | D:8      | Reached XP level 10. HP: 32/50 MP: 1/21
  7271 | D:8      | Noticed Joseph
  7315 | D:8      | Reached skill level 14 in Earth Magic
  7372 | D:8      | Noticed Maurice
  7391 | D:8      | Killed Maurice
  7392 | D:8      | Reached skill level 8 in Spellcasting
  7501 | D:8      | Found a hide-covered altar of Uskayaw.
  7760 | D:8      | Found a broken altar of Ashenzari.
  7878 | D:8      | Reached skill level 15 in Earth Magic
  8186 | D:8      | You pick up a book of Blasting and begin reading...
  8186 | D:8      | You add the spells Kindle Blastsparks, Fulminant Prism,
                  | Iskenderun's Mystic Blast and Lee's Rapid Deconstruction to
                  | your library.
  8272 | D:9      | Learned a level 5 spell: Lee's Rapid Deconstruction
  8393 | D:9      | Reached * piety under Vehumet
  8393 | D:9      | Offered knowledge of Shock by Vehumet.
  8414 | D:9      | Noticed Erica
  8541 | D:9      | Noticed a cyclops
  8586 | D:9      | Killed a cyclops
  8682 | D:9      | Noticed Psyche
  8747 | D:9      | Reached skill level 9 in Spellcasting
  8747 | D:9      | Reached skill level 16 in Earth Magic
  8747 | D:9      | Reached XP level 11. HP: 25/54 MP: 20/24
  8747 | D:9      | HP: 6/54 [yak (12)]
  8750 | D:9      | Slain by a yak

Vanquished Creatures
  A two-headed ogre (D:6)
  Pikel (D:6)
  A cyclops (D:9)
  Maurice (D:8)
  A hornet (D:8)
  A wraith (D:8)
  A wyvern (D:9)
  6 yaks
  A steam dragon (D:8)
  2 swamp worms (D:8)
  An acid dragon (D:9)
  Duvessa (D:4)
  A water moccasin (D:6)
  3 orc warriors
  2 ice beasts (D:6)
  4 black bears
  2 sky beasts
  2 centaurs
  A kobold brigand (D:8)
  A lemure (D:6)
  A bullfrog (D:8)
  A necrophage (D:4)
  A gnoll sergeant (D:9)
  2 scorpions
  10 wights
  Dowan (D:4)
  2 howler monkeys (D:9)
  4 orc priests
  2 jellies
  3 hounds
  A gnoll bouda (D:4)
  2 iguanas
  6 orc wizards
  9 gnolls
  13 adders
  A shadow imp (D:8)
  A white imp (D:6)
  3 worms
  A dart slug (D:5)
  14 orcs
  4 bats
  6 endoplasms
  3 giant cockroaches
  7 goblins
  6 hobgoblins
  3 jackals (D:3)
  8 kobolds
  7 quokkas
  7 ball pythons
  3 frilled lizards
  3 rats
  A spectral goblin (D:5)
170 creatures vanquished.

Vanquished Creatures (others)
  2 plants (D:8)
2 creatures vanquished.

Grand Total: 172 creatures vanquished

Table legend:
 A = Non-vault XP
 B = Vault XP
 C = Vault XP percentage of total XP
 D = Non-vault monster count
 E = Vault monster count
 F = Vault count percentage of total count
                 A         B        C        D         E       F
            +---------+---------+-------+---------+---------+-------
      Total |    7429 |    2188 |  22.8 |     150 |      19 |  11.2
            +---------+---------+-------+---------+---------+-------
        D:1 |      32 |       0 |   0.0 |      19 |       0 |   0.0
        D:2 |      74 |       1 |   1.3 |      17 |       1 |   5.6
        D:3 |      43 |      19 |  30.6 |      11 |       2 |  15.4
        D:4 |     365 |     216 |  37.2 |      23 |       2 |   8.0
        D:5 |     447 |       3 |   0.7 |      12 |       2 |  14.3
        D:6 |    2119 |     617 |  22.6 |      23 |       1 |   4.2
        D:7 |     684 |       0 |   0.0 |      10 |       0 |   0.0
        D:8 |    1626 |    1332 |  45.0 |      16 |      11 |  40.7
        D:9 |    2039 |       0 |   0.0 |      19 |       0 |   0.0
            +---------+---------+-------+---------+---------+-------

Illustrated notes

Table legend:
 A = Kills in this place as a percentage of kills in entire the game.
 B = Kills by you in this place as a percentage of kills by you in the entire game.
 C = Kills by friends in this place as a percentage of kills by friends in the entire game.
 D = Other kills in this place as a percentage of other kills in the entire game.
 E = Experience gained in this place as a percentage of experience gained in the entire game.
 F = Experience gained in this place divided by the number of levels of this place that you have seen.
                   A       B       C       D       E      F
               +-------+-------+-------+-------+-------+----------------------
         Total | 100.0 | 100.0 |   N/A |   N/A | 100.0 | 961.7
       Dungeon | 100.0 | 100.0 |   N/A |   N/A | 100.0 | 1068.6
               +-------+-------+-------+-------+-------+----------------------

Table legend: (Time is in decaauts)
 A = Elapsed time spent in this place.
 B = Non-inter-level travel time spent in this place.
 C = Inter-level travel time spent in this place.
 D = Time resting spent in this place.
 E = Time spent auto-exploring this place.
 F = Levels seen in this place.
 G = Mean time per level.
                   A        B        C        D        E       F      G
               +--------+--------+--------+--------+--------+-----+--------+
         Total |   8905 |   8646 |    259 |   1180 |   6299 |  10 |  890.5 |
       Dungeon |   8735 |   8525 |    210 |   1180 |   6190 |   9 |  970.6 |
        Temple |    169 |    121 |     48 |      0 |    109 |   1 |  169.0 |
               +--------+--------+--------+--------+--------+-----+--------+

Top non-repeatable levels by time:
     D:3: 1496 daAuts
     D:6: 1492 daAuts
     D:4: 1369 daAuts
     D:8: 1081 daAuts
     D:7: 909 daAuts
     D:2: 687 daAuts
     D:1: 619 daAuts
     D:5: 581 daAuts
     D:9: 497 daAuts
  Temple: 169 daAuts
